 Dungeon Crawl Stone Soup version 0.25-a0-460-g4f2eb97ec1 (webtiles) character file.

Game seed: 394234376757341878, levelgen mode: deterministic

4411 Epan the Geomancer (level 10, -1/58 HPs)
             Began as a Gargoyle Earth Elementalist on Feb 3, 2020.
             Was an Initiate of Vehumet.
             Slain by an ice beast (14 damage)
             ... on level 8 of the Dungeon.
             The game lasted 00:24:18 (9281 turns).

Epan the Geomancer (Gargoyle Earth Elementalist)    Turns: 9281, Time: 00:24:20

Health: -1/58      AC: 18    Str: 12    XL:     10   Next: 36%
Magic:  17/19      EV: 13    Int: 19    God:    Vehumet [......]
Gold:   441        SH:  0    Dex: 10    Spells: 10/21 levels left

rFire    . . .     SeeInvis .   k - +1 mace
rCold    . . .     Gourm    .   (no shield)
rNeg     + . .     Faith    .   p - +1 robe {MR+}
rPois    ∞         Spirit   .   o - +2 helmet
rElec    +         Reflect  .   u - +1 cloak
rCorr    +         Harm     .   (no gloves)
MR       +....                  t - +1 pair of boots
Stlth    ++........             (no amulet)
HPRegen  0.19/turn              v - ring of resist corrosion
MPRegen  0.16/turn              (no ring)

@: berserk cooldown, slowed, studying Throwing, very slow
A: negative energy resistance 1, electricity resistance, unbreathing,
petrification resistance, rot immunity, AC +7
a: Renounce Religion


You were on level 8 of the Dungeon.
You worshipped Vehumet.
Vehumet was noncommittal.
You were not hungry.

You visited 2 branches of the dungeon, and saw 9 of its levels.
You also visited: Ossuary.

You collected 531 gold pieces.
You spent 90 gold pieces at shops.

Inventory:

Hand Weapons
 g - a +0 dagger
 k - a +1 mace (weapon)
 D - a +0 flail
 G - a +3 spear of freezing
Missiles
 b - 45 stones (quivered)
 l - 4 javelins
Armour
 o - a +2 helmet (worn)
 p - a +1 robe of magic resistance (worn)
 t - a +1 pair of boots (worn)
 u - a +1 cloak (worn)
Jewellery
 f - the amulet of Dissent {RegenMP rElec rF++ rC+, unknown}
   (You found it on level 8 of the Dungeon)

   [amulet of magic regeneration]

   It increases your magic regeneration.
   It greatly protects you from fire.
   It protects you from cold.
   It insulates you from electricity.
 v - a ring of resist corrosion (left hand)
Wands
 C - a wand of paralysis (16)
 E - a wand of enslavement (6)
Scrolls
 c - 3 scrolls of remove curse
 n - 5 scrolls of teleportation
 r - 2 scrolls of amnesia
 s - 4 scrolls of fear
 y - 2 scrolls of immolation
 F - a scroll of magic mapping
 I - a scroll of fog
Potions
 a - a potion of might
 e - 6 potions of curing
 h - a potion of flight
 i - 2 potions of cancellation
 j - 2 potions of ambrosia
 m - 3 potions of lignification
 q - a potion of brilliance
 w - 3 potions of haste
 x - 4 potions of agility
 z - a potion of heal wounds {unknown}
 A - 2 potions of resistance
Books
 B - a manual of Throwing
Comestibles
 d - 10 rations


   Skills:
 + Level 4.6 Fighting
 + Level 4.0 Maces & Flails
 + Level 4.8 Armour
 + Level 3.9 Dodging
 - Level 2.1 Stealth
 + Level 6.2 Spellcasting
 + Level 6.2 Conjurations
   Level 0.7 Transmutations
 + Level 8.7 Earth Magic
 + Level 3.9 Evocations


You had 10 spell levels left.
You knew the following spells:

 Your Spells              Type           Power        Failure   Level  Hunger
a - Sandblast             Erth           #####.       1%          1    None
b - Stone Arrow           Conj/Erth      ####..       1%          3    ##.....
c - Lee's Rapid Deconstr  Erth           #####.....   9%          5    #####..
d - Blink                 Tloc           N/A          17%         2    None

Your spell library contained the following spells:

 Spells                   Type           Power        Failure   Level  Hunger
 Magic Dart               Conj           ####         1%          1    None
 Passwall                 Tmut/Erth      ###.....     2%          2    None
 Shock                    Conj/Air       ###.         3%          1    None
 Conjure Flame            Conj/Fire      ###.....     9%          3    ##.....
 Static Discharge         Conj/Air       ###.....     9%          3    ##.....
 Mephitic Cloud           Conj/Pois/Air  ##......     14%         3    ##.....
 Petrify                  Tmut/Erth      ###.....     16%         4    ####...
 Call Imp                 Summ           #.......     17%         2    None
 Slow                     Hex            #.......     17%         2    None
 Swiftness                Chrm/Air       #.......     17%         2    None
 Lightning Bolt           Conj/Air       ###.......   63%         5    #####..
 Airstrike                Air            #.........   73%         4    ####...


Dungeon Overview and Level Annotations

Branches:
Dungeon (8/15)             Temple (1/1) D:6         Ossuary (visited)
   Lair: D:8-11

Altars:
Ashenzari
Cheibriados
Dithmenos
Elyvilon
Fedhas
Gozag
Hepliaklqana
Nemelex Xobeh
Sif Muna
Trog
Uskayaw
Vehumet
Wu Jian
Xom
Yredelemnul
Zin
The Shining One

Shops:
D:5 =

Annotations:
D:8 Archen's ghost, novice MiBe


Innate Abilities, Weirdness & Mutations

You are resistant to torment.
Your stone body is resilient. (AC +7)
You are immune to poison.
You resist negative energy. (rN+)
You are resistant to electric shocks. (rElec)
You can survive without breathing.
You are immune to petrification.
You are immune to rotting.


Message History

The ice beast hits you but does no damage. x2
There is a transporter here.
Unknown command.
You feel better.
The water moccasin completely misses you.
The water moccasin bites you.
* * * LOW HITPOINT WARNING * * *
The ice beast barely misses you.
The ice beast hits you but does no damage.
The water moccasin barely misses you. The ice beast closely misses you.
The ice beast hits you but does no damage.
The water moccasin barely misses you.
You enter the transporter and appear at another place.
The water moccasin misses you. The ice beast barely misses you.
The ice beast closely misses you.
The water moccasin bites you but does no damage.
The ice beast hits you.
* * * LOW HITPOINT WARNING * * *
The ice beast freezes you!
You die...

#..###...###.####.###########
#.##.......#................#
#.#..#.#...#..###.#########.#
#####.#..#.#...#..# #.# #.#
....#.##.....#.##.# #.# #.#
###....#).#...#.#.# #.# #.#
#...©#!..©#...#.###.# #..
#.#..#%#.....##S....# ###
#.#.##.#..!#.#@Y.####
#.#.#..#.##..##Y#############
#.#.#.#y..#y.©#.............#
#.#.##..#.?W.##..##########.#
###<#..#......##...# #.#
....##.##.#####..#.# #.#
######..###........# #.###
..............###### #....
#############.# #####


You could see a water moccasin (berserk) and 2 ice beasts.

Vanquished Creatures
  A two-headed ogre (D:8)
  Psyche (D:8)
  Grinder (D:3)
  Menkaure (D:4)
  2 sky beasts (D:7)
  3 phantoms
  2 black bears (D:6)
  5 ogres
  2 bullfrogs
  A water moccasin zombie (D:6)
  A wyvern skeleton (D:6)
  7 scorpions
  6 wights
  A howler monkey (D:5)
  A bullfrog zombie (D:8)
  A crimson imp (D:5)
  4 jellies
  3 centaur zombies (Ossuary)
  A hound (D:3)
  5 human zombies (Ossuary)
  2 centaur skeletons
  An orc priest (D:7)
  An orc wizard (D:5)
  3 iguanas
  8 worker ants
  A big kobold zombie (Ossuary)
  A hound zombie (D:6)
  3 mummies (Ossuary)
  A howler monkey skeleton (D:4)
  3 worker ant zombies
  5 gnolls
  A scorpion zombie (Ossuary)
  12 adders
  A shadow imp (D:7)
  2 worms (D:3)
  5 leopard geckos
  16 orcs
  4 bats
  6 giant cockroaches
  A gnoll zombie (Ossuary)
  5 goblins
  4 hobgoblins
  20 jackals
  5 kobolds
  3 quokkas
  5 ball pythons
  12 frilled lizards
  A goblin zombie (Ossuary)
  4 hobgoblin zombies (Ossuary)
  A jackal skeleton (D:8)
  2 leopard gecko skeletons
  A leopard gecko zombie (D:8)
  A quokka skeleton (D:5)
  7 rats
197 creatures vanquished.

Vanquished Creatures (others)
  A scorpion (Ossuary)
  A kobold zombie (Ossuary)
2 creatures vanquished.

Grand Total: 199 creatures vanquished

Notes
Turn   | Place    | Note
-------+----------+-------------------------------------------
     0 | D:1      | Epan the Gargoyle Earth Elementalist began the quest for
                  | the Orb.
     0 | D:1      | Reached XP level 1. HP: 10/10 MP: 3/3
   178 | D:1      | Reached XP level 2. HP: 15/15 MP: 3/5
   216 | D:1      | Reached skill level 4 in Earth Magic
   513 | D:1      | Reached XP level 3. HP: 19/19 MP: 4/7
  1098 | D:2      | Found a basalt altar of Yredelemnul.
  1219 | D:2      | Reached XP level 4. HP: 24/24 MP: 8/8
  1305 | D:2      | Reached skill level 5 in Earth Magic
  1443 | D:2      | Learned a level 3 spell: Stone Arrow
  1493 | D:2      | Found Zin's Purification Station.
  1493 | D:2      | Found a glowing silver altar of Zin.
  1501 | D:2      | Bought a potion of curing for 90 gold pieces
  2034 | D:3      | Noticed a bullfrog
  2202 | D:3      | Killed a bullfrog
  2202 | D:3      | Reached skill level 1 in Conjurations
  2202 | D:3      | Reached XP level 5. HP: 19/28 MP: 3/10
  2287 | D:3      | Noticed Grinder
  2360 | D:3      | Killed Grinder
  2360 | D:3      | Reached skill level 6 in Earth Magic
  2360 | D:3      | Reached XP level 6. HP: 32/32 MP: 0/12
  2549 | D:3      | Found a shattered altar of Ashenzari.
  3203 | D:4      | Noticed Menkaure
  3211 | D:4      | Reached XP level 7. HP: 36/36 MP: 3/13
  3219 | D:4      | Killed Menkaure
  3717 | D:4      | Reached skill level 7 in Earth Magic
  3890 | D:5      | Entered Level 5 of the Dungeon
  3927 | D:5      | Found a white marble altar of Elyvilon.
  3999 | D:5      | Reached skill level 1 in Fighting
  4023 | D:5      | Found a snail-covered altar of Cheibriados.
  4123 | D:5      | Reached skill level 1 in Maces & Flails
  4123 | D:5      | Reached skill level 1 in Armour
  4123 | D:5      | Reached skill level 5 in Spellcasting
  4123 | D:5      | Reached skill level 1 in Evocations
  4123 | D:5      | Reached XP level 8. HP: 43/43 MP: 7/15
  4205 | D:5      | Found Ivouman's Jewellery Shop.
  5174 | D:6      | Found a staircase to the Ecumenical Temple.
  5234 | D:6      | Reached XP level 9. HP: 40/49 MP: 14/17
  5377 | D:6      | Found a sand-covered staircase.
  5386 | Ossuary  | Entered an ossuary
  5503 | Ossuary  | Learned a level 5 spell: Lee's Rapid Deconstruction
  5506 | Ossuary  | Learned a level 2 spell: Blink
  5558 | Ossuary  | Reached skill level 5 in Conjurations
  6331 | Ossuary  | Reached skill level 8 in Earth Magic
  8374 | D:8      | Reached XP level 10. HP: 54/56 MP: 19/19
  8396 | D:8      | Noticed Psyche
  8399 | D:8      | Killed Psyche
  8520 | Temple   | Entered the Ecumenical Temple
  8537 | Temple   | Became a worshipper of Vehumet
  8735 | D:8      | Noticed a two-headed ogre
  8741 | D:8      | Killed a two-headed ogre
  8845 | D:8      | Noticed a moth of wrath
  8884 | D:8      | Found a transporter.
  8887 | D:8      | Noticed Archen's ghost (novice MiBe)
  8940 | D:8      | Found a transporter.
  9263 | D:8      | Got a steaming iron amulet
  9281 | D:8      | Slain by an ice beast

Levels and vault maps discovered:
D:1:      minmay_arrival_stone_box, layout_loops_ring
D:2:      layout_loops_cross, yredelemnul_altar_generic, zin_purify
D:3:      layout_basic, nicolae_overflow_crystal_walls,
          minmay_misc_feat_encased, minmay_increasing_density, uniq_grinder
D:4:      layout_gridville, minmay_manual_moon, uniq_menkaure
D:5:      layout_loops_ring, elyvilon_altar_4, nicolae_overflow_hidden_temple,
          first_ration, serial_shops, nicolae_shop_waterfront
D:6:      layout_basic, minmay_temple_entry_offerings, enter_ossuary_1
D:7:      layout_basic
D:8:      layout_loops_ring, gammafunk_ghost_berserking_beasts,
          kennysheep_generic_room_15, uniq_psyche
Temple:   lightli_temple_of_artemis

Skill      XL: |  1  2  3  4  5  6  7  8  9 10 |
---------------+-------------------------------+-----
Earth Magic    | 4 5 6 7 8 |  8.7
Spellcasting   | 3 4 5 6 |  6.2
Conjurations   | 1 3 4 5 6 |  6.2
Fighting       | 1 2 4 |  4.6
Maces & Flails | 1 2 3 4 |  4.0
Armour         | 1 2 4 |  4.8
Dodging        | 2 3 |  3.9
Evocations     | 1 2 3 |  3.9
Stealth        | |  2.1
Transmutations | |  0.7

Action                   |  1- 3 |  4- 6 |  7- 9 | 10-12 || total
-------------------------+-------+-------+-------+-------++-------
Melee: Dagger            |    16 |       |       |       ||    16
       Mace              |    26 |   139 |   371 |    39 ||   575
Throw: Javelin           |     3 |       |       |       ||     3
 Cast: Sandblast         |    22 |     3 |    96 |     6 ||   127
       Stone Arrow       |       |    17 |    51 |     5 ||    73
       Lee's Rapid Decon |       |       |     3 |     1 ||     4
Evoke: Wand              |       |       |     5 |       ||     5
  Use: Scroll            |     6 |     7 |     9 |     1 ||    23
       Potion            |       |       |       |     3 ||     3
 Stab: Sleeping          |     3 |     1 |     3 |     1 ||     8
  Eat: Chunk             |     1 |     8 |    17 |     3 ||    29
       Ration            |       |       |     1 |       ||     1
Armor: Robe              |    13 |    69 |   228 |    35 ||   345
Dodge: Dodged            |    46 |   122 |   278 |    53 ||   499

Table legend:
 A = Non-vault XP
 B = Vault XP
 C = Vault XP percentage of total XP
 D = Non-vault monster count
 E = Vault monster count
 F = Vault count percentage of total count
                 A         B        C        D         E       F
            +---------+---------+-------+---------+---------+-------
      Total |    4470 |    1832 |  29.1 |     156 |      41 |  20.8
            +---------+---------+-------+---------+---------+-------
        D:1 |      64 |       0 |   0.0 |      22 |       0 |   0.0
        D:2 |      79 |       0 |   0.0 |      20 |       0 |   0.0
        D:3 |     160 |     313 |  66.2 |      15 |      10 |  40.0
        D:4 |     132 |     335 |  71.7 |       9 |       6 |  40.0
        D:5 |     493 |       0 |   0.0 |      25 |       0 |   0.0
        D:6 |    1245 |       0 |   0.0 |      22 |       0 |   0.0
        D:7 |     953 |       0 |   0.0 |      28 |       0 |   0.0
        D:8 |    1344 |     424 |  24.0 |      15 |       1 |   6.2
    Ossuary |       0 |     760 | 100.0 |       0 |      24 | 100.0
            +---------+---------+-------+---------+---------+-------
